 Dungeon Crawl Stone Soup version 0.30-a0-722-g3e6e8c874d (webtiles) character file.

Game seed: 16761808480737616938

14 voltaire321 the Sneak (level 2, 18/18 HPs)
             Began as a Kobold Brigand on Jan 28, 2023.
             Quit the game on level 1 of the Dungeon.
             The game lasted 00:01:32 (186 turns).

voltaire321 the Sneak (Kobold Brigand)               Turns: 186, Time: 00:01:33

Health: 18/18      AC:  3    Str:  8    XL:     2   Next: 55%
Magic:  2/2        EV: 14    Int: 12    God:
Gold:   7          SH:  0    Dex: 16    Spells: 1/1 levels left

rFire   . . .      SeeInvis .    a - +2 dagger
rCold   . . .      Faith    .    (no shield)
rNeg    . . .      Spirit   .    b - +0 robe
rPois   .          Reflect  .    (no helmet)
rElec   .          Harm     .    c - +0 cloak
rCorr   .          Rampage  .    (no gloves)
Will    .....                    (no boots)
Stlth   ++++                     (no amulet)
HPRegen 0.23/turn                (no ring)
MPRegen 0.08/turn                (no ring)

@: no status effects
A: small, no large weapons, nightstalker 3
a: no special abilities


You were on level 1 of the Dungeon.
You visited 1 branch of the dungeon, and saw 1 of its levels.

You collected 7 gold pieces.

Inventory:

Hand Weapons
 a - a +2 dagger (weapon)
Missiles
 d - 9 poisoned darts (quivered)
 e - 3 curare-tipped darts
Armour
 b - a +0 robe (worn)
 c - a +0 cloak (worn)
Scrolls
 f - a scroll of amnesia {unknown}
 g - a scroll of identify {unknown}
Potions
 h - a potion of invisibility {unknown}


   Skills:
 + Level 2.4 Fighting
 + Level 3.0 Short Blades
 + Level 2.4 Throwing
 + Level 1.6 Dodging
 + Level 5.5 Stealth


You had one spell level left.
You didn't know any spells.
Your spell library was empty.

Dungeon Overview and Level Annotations

Branches:
Dungeon (1/15)

Altars:

Shops:
D:1 [!


Innate Abilities, Weirdness & Mutations

You are small and have problems with some larger weapons.
You are completely attuned to the shadows.


Message History

You barely miss the ball python. The ball python barely misses you.
The ball python constricts you.
You hit the ball python.
The ball python is severely wounded.
The ball python misses you. The ball python constricts you.
You hit the ball python.
You kill the ball python!
Your Short Blades skill increases to level 3!
You see here a ball python corpse.
Found Gashrilaa's Distillery.
There is an entrance to Gashrilaa's Distillery here.
You can access your shopping list by pressing '$'.
You now have 7 gold pieces.
A hobgoblin comes into view.
The hobgoblin shouts!
Found a hand axe.
You closely miss the hobgoblin. The hobgoblin hits you.
You hit the hobgoblin.
The hobgoblin is heavily wounded.
The hobgoblin closely misses you.
You hit the hobgoblin but do no damage.
The hobgoblin is heavily wounded.
The hobgoblin barely misses you.
You hit the hobgoblin.
You kill the hobgoblin!
Found a short sword.
You see here a +0 short sword.
An endoplasm comes into view.
The endoplasm moves out of view.
An endoplasm is nearby!
An endoplasm is nearby!
The endoplasm hits you but does no damage.
You hit the endoplasm.
The endoplasm is almost dead.
The endoplasm closely misses you.
You hit the endoplasm.
You kill the endoplasm!
Found Cais's Armour Boutique.
There is an entrance to Cais's Armour Boutique here.
Are you sure you want to abandon this character and quit the game? (Confirm with "yes".)

...#.######.......
.###..............
##..######....#
....###..†.....#.....
....##..######.......
....#..### #........
........... #.#...#..
......####. #..#.#...
##..### #...@...#
##..# ...#.#..# ....#
..#...#.. ....#
......... ....##
###.#.. .....###.
......... ###.##.#
#....#..


There were no monsters in sight!

Vanquished Creatures
  A ball python (D:1)
  An endoplasm (D:1)
  A goblin (D:1)
  A hobgoblin (D:1)
  4 jackals (D:1)
  A kobold (D:1)
  A bat (D:1)
  A rat (D:1)
11 creatures vanquished.

Notes
Turn   | Place    | Note
-------+----------+-------------------------------------------
     0 | D:1      | voltaire321 the Kobold Brigand began the quest for the Orb.
     0 | D:1      | Reached XP level 1. HP: 12/12 MP: 1/1
    68 | D:1      | Reached XP level 2. HP: 15/18 MP: 2/2
   137 | D:1      | Found Gashrilaa's Distillery.
   181 | D:1      | Found Cais's Armour Boutique.
   186 | D:1      | Quit the game

Illustrated notes

Levels and vault maps discovered:
D:1:      ebering_hopf_link, layout_rooms, serial_shops,
          nicolae_shop_hallway_plus, nicolae_shop_trees, shop,
          nicolae_shop_advertising_works [nicolae_subvault_shop_adworks],
          kennysheep_minor_cross, corner_web_ring

Skill      XL: |  1  2 |
---------------+-------+-----
Short Blades   | 3 |  3.0
Fighting       | |  2.4
Throwing       | |  2.4
Dodging        | |  1.6
Stealth        | |  5.5

Action                     || total
---------------------------++-------
  Melee: Dagger            ||    37
  Throw: Dart              ||     1
   Stab: Sleeping          ||     1
 Armour: Robe              ||     5
  Dodge: Dodged            ||    24

Table legend: (Time is in decaauts)
 A = Elapsed time spent in this place.
 B = Non-inter-level travel time spent in this place.
 C = Inter-level travel time spent in this place.
 D = Time resting spent in this place.
 E = Time spent auto-exploring this place.
 F = Levels seen in this place.
 G = Mean time per level.
                   A        B        C        D        E       F      G
               +--------+--------+--------+--------+--------+-----+--------+
         Total |    180 |    180 |      0 |     24 |     83 |   1 |  180.0 |
       Dungeon |    180 |    180 |      0 |     24 |     83 |   1 |  180.0 |
               +--------+--------+--------+--------+--------+-----+--------+

Top non-repeatable levels by time:
     D:1: 180 daAuts
